 Dungeon Crawl Stone Soup version 0.23.2 (webtiles) character file.

Game seed: 12901634904894132548

65 Borgoz the Sneak (level 4, 0/35 (36) HPs)
             Began as a Ghoul Assassin on Apr 4, 2019.
             Slain by a gnoll
             ... wielding a +0 flail
              (6 damage)
             ... on level 2 of the Dungeon.
             The game lasted 00:03:23 (1273 turns).

Borgoz the Sneak (Ghoul Assassin)                   Turns: 1273, Time: 00:03:23

HP:   0/35 (36)     AC:  3    Str: 14    XL:     4   Next: 13%
MP:   3/3           EV: 12    Int:  7    God:
Gold: 20            SH:  0    Dex: 10    Spells: 3/3 levels left

rFire    . . .     SeeInvis .   a - +2 dagger
rCold    + . .     Gourm    .   (no shield)
rNeg     + + +     Faith    .   c - +0 robe
rPois    ∞         Spirit   .   (no helmet)
rElec    .         Reflect  .   d - +0 cloak
rCorr    .         Harm     .   (no gloves)
MR       .....                  (no boots)
Stlth    ++........             (no amulet)
HPRegen  0.00/turn              (no ring)
MPRegen  0.08/turn              (no ring)

@: rotting
A: rotting body, claws 1, carnivore, cold resistance 1, negative energy
resistance 3, inhibited regeneration, torment resistance, unbreathing
a: no special abilities


You were on level 2 of the Dungeon.
You were not hungry.

You visited 1 branch of the dungeon, and saw 2 of its levels.

You collected 20 gold pieces.

Inventory:

Hand Weapons
 a - a +2 dagger (weapon)
 b - a +0 blowgun
Missiles
 e - 8 poisoned needles
 f - 2 curare-tipped needles
 o - 24 bolts
 p - 3 javelins (quivered)
Armour
 c - a +0 robe (worn)
 d - a +0 cloak (worn)
Jewellery
 l - an uncursed ring of ice
Scrolls
 h - a scroll of identify {unknown}
 m - a scroll of fog {unknown}
 n - a scroll of immolation {unknown}
Comestibles
 g - 2 rations


   Skills:
 - Level 2.1 Fighting
 * Level 2.6 Short Blades
 - Level 1.7 Throwing
 * Level 1.7 Armour
 - Level 2.0 Dodging
 - Level 4.3 Stealth


You had 3 spell levels left.
You didn't know any spells.
Your spell library was empty.

Dungeon Overview and Level Annotations

Branches:
Dungeon (2/15)

Altars:


Innate Abilities, Weirdness & Mutations

Your body is rotting away.
You thrive on raw meat.
You are immune to poison.
You have sharp fingernails.
You are carnivorous and can eat meat at any time.
Your flesh is cold resistant. (rC+)
You are immune to negative energy. (rN+++)
You do not regenerate when monsters are visible.
You are immune to unholy pain and torment.
You can survive without breathing.


Message History

The gnoll hits you.
You hit the gnoll.
You kill the gnoll!
Training target 2.0 for Dodging reached!
Your Dodging skill increases to level 2!
You have reached level 4!
Okay, then.
You aren't carrying any potions.
You hit the gnoll but do no damage. The gnoll hits you with a +0 flail.
* * * LOW HITPOINT WARNING * * *
Throwing (i - inventory)
p - 4 javelins (quivered)
Press: ? - help, Shift-Dir - straight line, f - gnoll
Aim: a gnoll, wielding a +0 flail You throw a javelin.
The javelin hits the gnoll.
The gnoll is lightly wounded.
The gnoll hits you but does no damage.
You hit the gnoll.
The gnoll is moderately wounded.
The gnoll hits you with a +0 flail.
You die...

# #.#.#.# #.#####.#.#.#
#...........# #..####.#.###
##########.....#.#.#########
...........................#
.............#.#.#.#######.#
.............#.#g#.# #.#
.............#.#@#.# #.#
.................#.# #.#
...............###.#######.###
...................#.........#
..............######.#########
..)...........# #.#
..............######.#########
..............<..............#
...............#.#.#.#######.#


You could see a gnoll.

Vanquished Creatures
  A gnoll (D:2)
  2 adders (D:2)
  A worm (D:2)
  A leopard gecko (D:1)
  A giant cockroach (D:1)
  2 goblins (D:1)
  6 hobgoblins
  4 jackals (D:1)
  6 bats
  A frilled lizard (D:1)
  5 kobolds
  4 rats (D:1)
34 creatures vanquished.

Notes
Turn   | Place    | Note
-------+----------+-------------------------------------------
     0 | D:1      | Borgoz the Ghoul Assassin began the quest for the Orb.
     0 | D:1      | Reached XP level 1. HP: 17/17 MP: 0/0
    11 | D:1      | Reached skill level 1 in Dodging
    96 | D:1      | Reached XP level 2. HP: 23/24 MP: 1/1
   208 | D:1      | Reached skill level 1 in Armour
   567 | D:1      | Reached XP level 3. HP: 29/29 MP: 2/2
  1261 | D:2      | Reached XP level 4. HP: 11/35 MP: 3/3
  1273 | D:2      | Slain by a gnoll

Skill      XL: |  1  2  3 |
---------------+----------+-----
Dodging        | 1 2 |  2.0
Short Blades   | 2 |  2.6
Armour         | 1 |  1.7
Fighting       | |  2.1
Throwing       | |  1.7
Stealth        | |  4.3

Action                   |  1- 3 |  4- 6 || total
-------------------------+-------+-------++-------
Melee: Dagger            |   136 |     2 ||   138
Throw: Javelin           |       |     1 ||     1
  Use: Potion            |     7 |       ||     7
 Stab: Sleeping          |     8 |       ||     8
  Eat: Chunk             |     6 |       ||     6
Armor: Robe              |    63 |       ||    63
Dodge: Dodged            |   131 |       ||   131
